 Dungeon Crawl Stone Soup version 0.28-a0-1594-ga885d4b3d6 (webtiles) character file.

Game seed: 11712710672691012497

3648 lonewolfV2 the Grappler (level 9, -1/89 HPs)
             Began as a Troll Berserker on Jan 20, 2022.
             Was an Elder of Trog.
             Slain by a killer bee (5 damage)
             ... on level 8 of the Dungeon.
             The game lasted 00:17:23 (6559 turns).

lonewolfV2 the Grappler (Troll Berserker)           Turns: 6559, Time: 00:17:23

Health: -1/89      AC:  7    Str: 35    XL:     9   Next: 88%
Magic:  8/8        EV: 11    Int:  3    God:    Trog [****..]
Gold:   338        SH:  0    Dex: 11    Spells: 8/8 levels left

rFire   + . .      SeeInvis +   w - +4 spear (venom)
rCold   . . .      Faith    .   (no shield)
rNeg    . . .      Spirit   .   a - +1 animal skin
rPois   .          Reflect  .   (helmet restricted)
rElec   .          Harm     .   v - +1 cloak of Ashenzari's Envy {rF+}
rCorr   .          Rampage  .   (gloves unavailable)
Will    ++...                   (boots unavailable)
Stlth   ++........              (no amulet)
HPRegen 2.04/turn               j - +6 ring of strength
MPRegen 0.11/turn               g - ring of see invisible

@: lethally poisoned (-1 -> -2), strong-willed, regenerating
A: large, unfitting armour, claws 3, regeneration 1, shaggy fur 1, tough skin 1
a: Renounce Religion, Berserk, Trog's Hand, Brothers in Arms


You were on level 8 of the Dungeon.
You worshipped Trog.
Trog was greatly pleased with you.
You visited 2 branches of the dungeon, and saw 9 of its levels.

You collected 338 gold pieces.

Inventory:

Hand Weapons
 b - a +3 dagger of venom
 w - a +4 spear of venom (weapon)
Missiles
 u - 3 throwing nets (quivered)
Armour
 a - a +1 animal skin (worn)
 v - the +1 cloak of Ashenzari's Envy (worn) {rF+}
   (You found it on level 7 of the Dungeon)

   rF:        It protects you from fire.
Jewellery
 c - a ring of ice
 g - a ring of see invisible (right claw)
 j - a +6 ring of strength (left claw)
 p - a ring of flight
Wands
 i - a wand of iceblast (17)
 n - a wand of paralysis (12)
 z - a wand of digging (2)
Scrolls
 f - 4 scrolls of identify
 q - a scroll of torment {unknown}
 s - a scroll of magic mapping
 t - 3 scrolls of teleportation
 x - a scroll of acquirement {unknown}
 y - a scroll of blinking {unknown}
 A - a scroll of immolation {unknown}
Potions
 d - 2 potions of invisibility
 e - a potion of might
 h - 3 potions of flight
 l - a potion of cancellation
 m - 3 potions of attraction
 o - 3 potions of brilliance {unknown}
 r - a potion of berserk rage {unknown}


   Skills:
 + Level 5.9 Fighting
 + Level 0.2 Short Blades
 + Level 2.0 Polearms
 + Level 6.5 Dodging
 + Level 1.4 Stealth
 + Level 10.1 Unarmed Combat


You had 8 spell levels left.
You didn't know any spells.
Your spell library was empty.

Dungeon Overview and Level Annotations

Branches:
Dungeon (8/15)             Temple (1/1) D:7
   Lair: D:8-11

Altars:
Ashenzari
Dithmenos
Elyvilon
Fedhas
Gozag
Hepliaklqana
Makhleb
Nemelex Xobeh
Okawaru
Qazlal
Ru
Sif Muna
Trog
Uskayaw
Wu Jian
Xom
Zin
The Shining One

Shops:
D:1 :   D:3 ?   D:4 [   D:7 =


Innate Abilities, Weirdness & Mutations

You are too large for most types of armour.
You have claws for hands.
Your natural rate of healing is unusually fast.
You are covered in fur. (AC +1)
You have tough skin. (AC +1)


Message History

The killer bee stings you!
You are more poisoned.
The killer bee poisons you!
You closely miss the killer bee.
You feel very sick.
The killer bee stings you but does no damage.
The killer bee closely misses you. x2; The killer bee barely misses you.
The killer bee stings you but does no damage.
The killer bee stings you!
* * * LOW HITPOINT WARNING * * *
You are lethally poisoned!
The killer bee poisons you!
You feel better. The killer bee stings you.
* * * LOW HITPOINT WARNING * * *
The killer bee stings you but does no damage.
The killer bee closely misses you.
The killer bee stings you but does no damage.
The killer bee stings you.
* * * LOW HITPOINT WARNING * * *
The killer bee stings you but does no damage.
Your skin crawls.
You feel strong-willed.
The killer bee misses you. x3; The killer bee stings you.
* * * LOW HITPOINT WARNING * * *
The killer bee stings you but does no damage.
The killer bee barely misses you.
You closely miss the killer bee. The killer bee completely misses you.
The killer bee closely misses you. The killer bee stings you.
* * * LOW HITPOINT WARNING * * *
The killer bee barely misses you. The killer bee stings you.
* * * LOW HITPOINT WARNING * * *
You are poisoned.
The killer bee poisons you! The killer bee stings you.
* * * LOW HITPOINT WARNING * * *
You are more poisoned.
The killer bee poisons you!
You fail to use your ability.
You feel very sick. The killer bee stings you.
You die...

#..# .#
#.#..##
######..##.###
#.#....
#.............
#.#....
#..........<##
#.##...
#.###.#.###.#
#......
#.###....##.#
#..#...
#...........#
##...#.
##.....y..##.#
##.##.
.......cy@## #
#.##(
###...#.#y#
######.#..
......#...!#
#..........
..#...#.#..#
#.#####.#..
...#..#.....
........ #####
......<
#####.#..
.#.......
.......:)
.......$...
>.....#..
######...


You could see a centaur and 3 killer bees.

Vanquished Creatures
  Harold (D:8)
  A hornet (D:6)
  Sigmund (D:2)
  Menkaure (D:6)
  Edmund (D:6)
  2 orc warriors
  An ice beast (D:7)
  3 ogres
  A centaur (D:7)
  Blork the orc (D:6)
  A bullfrog (D:7)
  A gnoll sergeant (D:7)
  3 scorpions
  A water moccasin skeleton (D:6)
  6 killer bees (D:8)
  3 howler monkeys
  2 centaur zombies
  6 jellies
  A bullfrog zombie (D:5)
  4 hounds
  6 orc priests
  A bullfrog skeleton (D:7)
  A gnoll shaman (D:7)
  3 iguanas
  4 orc wizards
  A killer bee zombie (D:6)
  A hound skeleton (D:4)
  A howler monkey zombie (D:5)
  6 gnolls
  A howler monkey skeleton (D:6)
  7 adders
  A shadow imp (D:6)
  A white imp (D:6)
  2 worms
  3 dart slugs
  15 orcs
  6 ball pythons
  5 endoplasms
  3 giant cockroaches
  5 goblins
  7 hobgoblins
  5 quokkas
  9 bats
  2 frilled lizards
  6 kobolds
  6 rats (D:2)
149 creatures vanquished.

Vanquished Creatures (others)
  A plant (D:4)
1 creature vanquished.

Grand Total: 150 creatures vanquished

Notes
Turn   | Place    | Note
-------+----------+-------------------------------------------
     0 | D:1      | lonewolfV2 the Troll Berserker began the quest for the Orb.
     0 | D:1      | Reached XP level 1. HP: 22/22 MP: 0/0
   144 | D:1      | Reached XP level 2. HP: 29/29 MP: 1/1
   242 | D:1      | Found Fikles's Book Shop.
   720 | D:2      | Reached XP level 3. HP: 29/36 MP: 2/2
   887 | D:2      | Noticed Sigmund
   897 | D:2      | Killed Sigmund
   898 | D:2      | Reached skill level 4 in Unarmed Combat
   898 | D:2      | Reached XP level 4. HP: 26/45 MP: 3/3
   898 | D:2      | Reached XP level 5. HP: 30/53 MP: 4/4
  1387 | D:2      | Reached ** piety under Trog
  1891 | D:3      | Found a faded altar of an unknown god.
  1904 | D:3      | Reached XP level 6. HP: 52/61 MP: 5/5
  1926 | D:3      | Reached skill level 5 in Unarmed Combat
  2150 | D:3      | Found Wonubea's Magic Scroll Shop.
  2597 | D:4      | Found Ojeh's Antique Armour Boutique.
  2898 | D:5      | Entered Level 5 of the Dungeon
  2947 | D:5      | Reached XP level 7. HP: 59/67 MP: 6/6
  3048 | D:5      | Reached skill level 6 in Unarmed Combat
  3159 | D:5      | Reached *** piety under Trog
  4103 | D:6      | Reached skill level 7 in Unarmed Combat
  4103 | D:6      | Reached XP level 8. HP: 78/78 MP: 7/7
  4114 | D:6      | Reached skill level 5 in Dodging
  4239 | D:6      | Noticed a hornet
  4245 | D:6      | Paralysed by a hornet for 1 turns
  4247 | D:6      | Paralysed by a hornet for 1 turns
  4253 | D:6      | Killed a hornet
  4254 | D:6      | Reached skill level 8 in Unarmed Combat
  4348 | D:6      | Noticed Edmund
  4365 | D:6      | Killed Edmund
  4366 | D:6      | Reached skill level 5 in Fighting
  4445 | D:6      | Noticed Blork the orc
  4455 | D:6      | Killed Blork the orc
  4513 | D:6      | Reached XP level 9. HP: 60/88 MP: 8/8
  4766 | D:6      | Noticed Menkaure
  4772 | D:6      | Killed Menkaure
  4944 | D:6      | Found a sparkling altar of Nemelex Xobeh.
  4954 | D:6      | Found a white marble altar of Elyvilon.
  5127 | D:6      | Reached skill level 9 in Unarmed Combat
  5269 | D:7      | Found a staircase to the Ecumenical Temple.
  5294 | Temple   | Entered the Ecumenical Temple
  5650 | D:7      | Identified the +1 cloak of Ashenzari's Envy {rF+}
  5683 | D:7      | Reached **** piety under Trog
  5902 | D:7      | Reached skill level 1 in Stealth
  5985 | D:7      | Found Fagof's One-of-a-Kind Rings.
  6356 | D:8      | Noticed Harold
  6380 | D:8      | Killed Harold
  6381 | D:8      | Reached skill level 1 in Polearms
  6381 | D:8      | Reached skill level 10 in Unarmed Combat
  6559 | D:8      | HP: 4/89 [poisoned by a killer bee]
  6559 | D:8      | Slain by a killer bee

Illustrated notes

Levels and vault maps discovered:
D:1:      amcnicky_arrival_wind_blow, layout_basic, serial_shops,
          nicolae_diamond_shop
D:2:      minmay_diamond_boxcup, layout_basic, feat_on_display, uniq_sigmund
D:3:      layout_rooms, serial_shops, nicolae_shop_behind_doors,
          hellmonk_ecumenical_altar_zigzags
D:4:      cheibrodos_helix_gallery, layout_rooms, serial_shops,
          nicolae_shop_overgrown_old_shop, serial_curves, eino_curves_03,
          eino_curves_03, eino_curves_04
D:5:      layout_basic
D:6:      layout_layer_cave, mainiacjoe_overflow_big_doors, minivault_5,
          uniq_blork_the_orc, uniq_edmund, uniq_menkaure
D:7:      layout_loops_ring, temple_green, nicolae_shop_unique_rings,
          minmay_quadrilaterals
D:8:      layout_loops_ring, lemuel_doored_altar, serial_shops,
          nicolae_shop_advertising_works [nicolae_subvault_shop_adworks],
          enter_bailey_2, uniq_gastronok, uniq_harold
Temple:   eino_temple_rhombus

Skill      XL: |  1  2  3  4  5  6  7  8  9 |
---------------+----------------------------+-----
Dodging        | 3 4 5 6 |  6.5
Fighting       | 3 4 5 |  5.9
Unarmed Combat | 4 5 7 8 10 | 10.1
Stealth        | 1 |  1.4
Polearms       | 2 |  2.0
Short Blades   | |  0.2

Action                   |  1- 3 |  4- 6 |  7- 9 || total
-------------------------+-------+-------+-------++-------
Melee: Unarmed           |    60 |   107 |   166 ||   333
       Dagger            |     6 |    26 |       ||    32
       Punch             |     1 |     3 |     7 ||    11
       Spear             |       |       |    62 ||    62
Invok: Berserk           |       |       |     4 ||     4
       Trog's Hand       |       |       |     4 ||     4
  Use: Scroll            |     2 |     3 |    10 ||    15
       Potion            |       |       |     8 ||     8
 Stab: Sleeping          |       |     1 |       ||     1
Armor: Animal skin       |    58 |    62 |    78 ||   198
Dodge: Dodged            |    77 |    77 |   212 ||   366

Table legend: (Time is in decaauts)
 A = Elapsed time spent in this place.
 B = Non-inter-level travel time spent in this place.
 C = Inter-level travel time spent in this place.
 D = Time resting spent in this place.
 E = Time spent auto-exploring this place.
 F = Levels seen in this place.
 G = Mean time per level.
                   A        B        C        D        E       F      G
               +--------+--------+--------+--------+--------+-----+--------+
         Total |   6556 |   6355 |    201 |    773 |   4047 |   9 |  728.4 |
       Dungeon |   6333 |   6179 |    154 |    773 |   4047 |   8 |  791.6 |
        Temple |    223 |    176 |     47 |      0 |      0 |   1 |  223.0 |
               +--------+--------+--------+--------+--------+-----+--------+

Top non-repeatable levels by time:
     D:6: 1373 daAuts
     D:2: 1179 daAuts
     D:5: 927 daAuts
     D:7: 812 daAuts
     D:1: 663 daAuts
     D:4: 576 daAuts
     D:3: 463 daAuts
     D:8: 338 daAuts
  Temple: 223 daAuts
